 Dungeon Crawl Stone Soup version 0.24-a0-194-g9bee6eb (webtiles) character file.

Game seed: 1317475700409802315

143 Ijustatesigmund the Magician (level 5, 0/33 HPs)
             Began as an Octopode Wizard on Mar 18, 2019.
             Slain by a sky beast (1 damage)
             ... on level 3 of the Dungeon.
             The game lasted 00:06:22 (2567 turns).

Ijustatesigmund the Magician (Octopode Wizard)      Turns: 2567, Time: 00:06:22

Health: 0/33       AC:  4    Str:  7    XL:     5   Next: 25%
Magic:  9/9        EV: 11    Int: 18    God:
Gold:   107        SH:  9    Dex: 11    Spells: 4/10 levels left

rFire    . . .     SeeInvis .   d - +0 mace
rCold    . . .     Gourm    .   b - +2 shield
rNeg     . . .     Faith    .   a - +2 hat {MR+}
rPois    .         Spirit   .   (no amulet)
rElec    .         Reflect  .   (no ring)
rCorr    .         Harm     .   (no ring)
MR       +....                  (no ring)
Stlth    +++.......             (no ring)
HPRegen  0.11/turn              (no ring)
MPRegen  0.11/turn              (no ring)
                                (no ring)
                                (no ring)

@: no status effects
A: almost no armour, stealthy swim, amphibious, 8 rings, constrict 8, camouflage
1, dopey 1, mutation resistance 1, shaggy fur 1, gelatinous body 1
a: no special abilities


You were on level 3 of the Dungeon.
You were not hungry.

You visited 1 branch of the dungeon, and saw 3 of its levels.

You collected 107 gold pieces.

Inventory:

Hand Weapons
 d - a +0 mace (weapon)
 f - a +1 hunting sling of velocity
Missiles
 h - 53 stones (quivered)
Armour
 a - a +2 hat of magic resistance (worn)
 b - a +2 shield (worn)
Scrolls
 g - 3 scrolls of remove curse
Potions
 e - a potion of brilliance {unknown}
 i - a potion of ambrosia
Comestibles
 c - 5 rations


   Skills:
 - Level 1.5 Fighting
 - Level 2.0 Dodging
 - Level 2.6 Stealth
 + Level 2.4 Shields
 - Level 3.0 Spellcasting
 - Level 2.5 Conjurations
   Level 1.0 Summonings
 - Level 2.6 Translocations


You had 4 spell levels left.
You knew the following spells:

 Your Spells              Type           Power        Failure   Level  Hunger
a - Magic Dart            Conj           ##..         28%         1    None
b - Blink                 Tloc           N/A          38%         2    ##.....
c - Conjure Flame         Conj/Fire      #.......     82%         3    ###....

Your spell library contained the following spells:

 Spells                   Type           Power        Failure   Level  Hunger
 Call Imp                 Summ           #.......     63%         2    ##.....
 Slow                     Hex            #.......     77%         2    ##.....
 Mephitic Cloud           Conj/Pois/Air  #.......     86%         3    ###....


Dungeon Overview and Level Annotations

Branches:
Dungeon (3/15)

Altars:

Annotations:
D:2 Robin, Sigmund


Innate Abilities, Weirdness & Mutations

You cannot wear most types of armour.
You are very stealthy in the water. (Stealth+)
You are amphibious.
You can wear up to eight rings at the same time.
You can use your tentacles to constrict eight enemies at once.
Your skin changes colour to match your surroundings (Stealth+).
Your rubbery body absorbs attacks. (AC +1, EV +1)
You are dopey. (Int -2)
You are somewhat resistant to further mutation.
You are covered in fur. (AC +1)


Message History

The sky beast closely misses you. The sky beast barely misses you.
You closely miss the sky beast. Your squeeze misses the sky beast.
The sky beast is heavily wounded.
The sky beast completely misses you. x2
You hit the sky beast. Your squeeze misses the sky beast.
The sky beast is heavily wounded.
You block the sky beast's attack.
You closely miss the sky beast. Your squeeze misses the sky beast.
The sky beast is heavily wounded.
The sky beast flickers out of sight!
Deactivating autopickup; reactivate with Ctrl-A.
Something hits you. Something shocks you. Something hits you.
Something shocks you.
You closely miss something. Something completely misses you.
You barely miss something. Something hits you.
* * * LOW HITPOINT WARNING * * *
Something shocks you.
* * * LOW HITPOINT WARNING * * *
Something hits you.
You die...

#### #.. #>#
#.######.###.#
#.(..@{..<...#
#.######.##..#
...# .# ##...
.. .#.## ..
.###. ## ## #


There were no monsters in sight!

Vanquished Creatures
  A bullfrog (D:2)
  An iguana (D:2)
  3 adders
  A dart slug (D:2)
  A leopard gecko (D:2)
  3 ball pythons
  4 bats (D:1)
  3 goblins
  4 hobgoblins
  2 kobolds
  2 quokkas (D:2)
  2 frilled lizards (D:2)
  A rat (D:2)
28 creatures vanquished.

Notes
Turn   | Place    | Note
-------+----------+-------------------------------------------
     0 | D:1      | Ijustatesigmund the Octopode Wizard began the quest for the
                  | Orb.
     0 | D:1      | Reached XP level 1. HP: 11/11 MP: 4/4
   317 | D:1      | Reached skill level 1 in Fighting
   679 | D:1      | Gained mutation: You are covered in fur. (AC +1) [potion of
                  | mutation]
   679 | D:1      | Gained mutation: You are dopey. (Int -2) [potion of
                  | mutation]
   679 | D:1      | Gained mutation: You are somewhat resistant to further
                  | mutation. [potion of mutation]
   715 | D:1      | Reached XP level 2. HP: 18/18 MP: 0/6
   772 | D:1      | Learned a level 2 spell: Blink
  1293 | D:1      | Reached XP level 3. HP: 18/23 MP: 7/7
  1835 | D:2      | Found a faded altar of an unknown god.
  1921 | D:2      | Noticed a bullfrog
  1995 | D:2      | Killed a bullfrog
  1995 | D:2      | Reached skill level 1 in Shields
  1995 | D:2      | Reached XP level 4. HP: 21/28 MP: 0/8
  2064 | D:2      | Learned a level 3 spell: Conjure Flame
  2154 | D:2      | Reached XP level 5. HP: 14/33 MP: 5/9
  2511 | D:2      | Noticed Sigmund
  2521 | D:2      | Noticed Robin
  2552 | D:3      | Noticed a sky beast
  2567 | D:3      | HP: 1/33 [something (5)]
  2567 | D:3      | Slain by a sky beast

Levels and vault maps discovered:
D:1:      tarquinn_simple_flora_water_b, layout_rooms, minivault_23,
          minivault_14, minivault_27
D:2:      layout_rooms, chequers_ecumenical_altar_grove, minmay_misc_feat_cross,
          minmay_tall_x, uniq_sigmund, uniq_robin, uniq_crazy_yiuf_cottage
D:3:      layout_loops_ring, grunt_temple_overflow_gold_and_silver,
          grunt_temple_overflow_magic_moments, trog_eyes_of_draining,
          kennysheep_generic_room_11

Skill      XL: |  1  2  3  4 |
---------------+-------------+-----
Fighting       | 1 |  1.5
Shields        | 1 2 |  2.4
Conjurations   | 2 |  2.5
Translocations | 2 |  2.6
Dodging        | |  2.0
Stealth        | |  2.6
Spellcasting   | |  3.0
Summonings     | |  1.0

Action                   |  1- 3 |  4- 6 || total
-------------------------+-------+-------++-------
Melee: Unarmed           |     9 |       ||     9
       Constrict         |    10 |     4 ||    14
       Club              |    24 |       ||    24
       Mace              |     2 |    27 ||    29
       Tentacles         |     1 |     6 ||     7
 Cast: Magic Dart        |    49 |     4 ||    53
  Use: Scroll            |     4 |     1 ||     5
       Potion            |     1 |       ||     1
 Stab: Sleeping          |       |     1 ||     1
  Eat: Chunk             |     3 |     2 ||     5
Armor: Skin              |    18 |     4 ||    22
Dodge: Dodged            |    35 |    12 ||    47
Block: Shield            |     8 |    11 ||    19

Table legend:
 A = Non-vault XP
 B = Vault XP
 C = Vault XP percentage of total XP
 D = Non-vault monster count
 E = Vault monster count
 F = Vault count percentage of total count
                 A         B        C        D         E       F
            +---------+---------+-------+---------+---------+-------
      Total |     196 |       9 |   4.4 |      25 |       3 |  10.7
            +---------+---------+-------+---------+---------+-------
        D:1 |      31 |       0 |   0.0 |      10 |       0 |   0.0
        D:2 |     165 |       9 |   5.2 |      15 |       3 |  16.7
            +---------+---------+-------+---------+---------+-------
